 Dungeon Crawl Stone Soup version 0.27-a0-1296-g8ece459b43 (webtiles) character file.

Game seed: 2696265856779623949

1607 Delamore the Spear-Bearer (level 9, -1/68 HPs)
             Began as a Formicid Fighter on June 16, 2021.
             Was a Believer of Qazlal.
             Slain by a steam dragon (9 damage)
             ... on level 6 of the Dungeon.
             The game lasted 00:05:27 (5441 turns).

Delamore the Spear-Bearer (Formicid Fighter)        Turns: 5441, Time: 00:05:28

Health: -1/68      AC:  9    Str: 24    XL:     9   Next: 16%
Magic:  9/9        EV:  6    Int:  8    God:    Qazlal [**....]
Gold:   984        SH: 13    Dex: 10    Spells: 8/8 levels left

rFire    . . .     SeeInvis +   a - +1 trident (vorpal)
rCold    . . .     Faith    .   c - +1 kite shield
rNeg     . . .     Spirit   .   k - +0 chain mail
rPois    .         Reflect  .   (helmet unavailable)
rElec    .         Harm     .   (no cloak)
rCorr    .         Rampage  .   (no gloves)
Will     .....                  (no boots)
Stlth    ..........             f - amulet of regeneration
HPRegen  1.21/turn              (no ring)
MPRegen  0.11/turn              (no ring)

@: very slightly contaminated, invisible
A: permanent stasis, dig shafts and tunnels, antennae 3, four strong arms
a: Dig, Shaft Self, Renounce Religion, Upheaval


You were on level 6 of the Dungeon.
You worshipped Qazlal.
Qazlal was pleased with you.
You visited 1 branch of the dungeon, and saw 6 of its levels.
You also visited: Ossuary.

You collected 984 gold pieces.

Inventory:

Hand Weapons
 a - a +1 vorpal trident (weapon)
Missiles
 h - 6 javelins
 s - 4 poisoned darts
Armour
 b - a +0 scale mail
 c - a +1 kite shield (worn)
 k - a +0 chain mail (worn)
Jewellery
 f - an amulet of regeneration (around neck)
 j - an amulet of the acrobat
 p - a ring of protection from fire
Wands
 l - a wand of polymorph (8)
Scrolls
 n - 4 scrolls of enchant armour
 o - a scroll of enchant weapon
 t - a scroll of immolation
Potions
 d - a potion of might
 e - 4 potions of flight
 i - 2 potions of haste
 m - 3 potions of resistance
 q - 3 potions of mutation
 u - a potion of degeneration
 w - a potion of invisibility
 x - a potion of lignification


   Skills:
 - Level 5.0 Fighting
 * Level 10.5 Polearms
 - Level 3.2 Armour
 - Level 3.6 Shields


You had 8 spell levels left.
You didn't know any spells.
Your spell library contained the following spells:

 Spells                   Type           Power      Damage    Failure   Level
 Beastly Appendage        Tmut           0%         N/A       100%        1
 Wereblood                Tmut           0%         N/A       100%        2
 Spider Form              Tmut/Pois      0%         N/A       100%        3
 Ice Form                 Ice/Tmut       0%         N/A       100%        4


Dungeon Overview and Level Annotations

Branches:
Dungeon (6/15)             Temple (0/1) D:4         Ossuary (visited)

Altars:
Ashenzari
Fedhas
Nemelex Xobeh
Okawaru
Qazlal
Uskayaw


Innate Abilities, Weirdness & Mutations

You cannot be hasted, slowed, berserked, paralysed or teleported.
You can dig through walls and to a lower floor.
You have a pair of large antennae on your head. (SInv)
Your four strong arms can wield two-handed weapons with a shield.


Message History

The ball of steam hits you!
A phantom comes into view.
You are too injured to fight recklessly!
You are too injured to fight recklessly!
You are too injured to fight recklessly!
There are monsters nearby!
As you open the door, it creaks loudly!
You feel sick.
You hear an angry hiss.
The steam dragon bites you but does no damage.
The steam dragon claws you but does no damage.
An adder comes into view.
You feel sick.
There is an open door here.
You feel sick.
You feel sick. The steam dragon breathes steam at you.
The ball of steam hits you!
* * * LOW HITPOINT WARNING * * *
The orc priest miscasts a cantrip.
You feel sick.
The orc priest looks satisfied for a moment.
The orc wizard mumbles some strange words.
The orc wizard flickers and vanishes for a moment.
You feel better.
The orc priest invokes the aid of Beogh against you.
Beogh smites you!
* * * LOW HITPOINT WARNING * * *
Okay, then.
Okay, then.
You fade into invisibility!
The steam dragon breathes steam at you. The ball of steam hits you.
* * * LOW HITPOINT WARNING * * *
The orc priest invokes the aid of Beogh against you.
The steam dragon writhes in agony.
You are very lightly contaminated with residual magic.
The steam dragon hisses angrily.
The steam dragon bites you!
You die...

......†................#
.......))..............#
.......................######
#...........###.#...........#
#...............#.#########.#
........#+#.....#.#.YY..<##Y#
......###.......+ #.#######.#
......###.......# #......Y..#
...........S§@§.# ###########
............D.°§#
........o...§.○.#
......8o#.Wo....#
........'.......+
......8.#.......#
.!)...$†..........
.._...8............
.###................


You could see a steam dragon (catching breath), a phantom, an orc priest, an orc
wizard (invisible), an adder and an orc.

Vanquished Creatures
  Sigmund (D:5)
  A water moccasin (D:6)
  An ogre (D:6)
  2 elf zombies (Ossuary)
  A bullfrog (D:4)
  5 wights (D:5)
  2 centaur zombies
  3 hounds
  2 human zombies (Ossuary)
  2 bullfrog zombies (D:5)
  A centaur skeleton (D:5)
  A jelly (D:4)
  3 bullfrog skeletons
  3 orc priests
  Terence (D:2)
  2 iguanas
  2 orc wizards
  A hound zombie (D:5)
  2 mummies (Ossuary)
  A howler monkey zombie (D:5)
  A gnoll (D:5)
  9 adders
  2 adder zombies (Ossuary)
  A worm (D:5)
  5 dart slugs
  4 orcs
  5 bats
  3 endoplasms
  A giant cockroach (D:2)
  6 goblins
  7 hobgoblins
  8 jackals
  3 kobolds
  A quokka (D:2)
  4 ball pythons
  3 frilled lizards
  A goblin zombie (Ossuary)
  9 hobgoblin zombies (Ossuary)
  6 kobold zombies (Ossuary)
  11 orc zombies (Ossuary)
  2 rats
  2 rat zombies (Ossuary)
131 creatures vanquished.

Vanquished Creatures (others)
  5 plants (D:3)
5 creatures vanquished.

Grand Total: 136 creatures vanquished

Notes
Turn   | Place    | Note
-------+----------+-------------------------------------------
     0 | D:1      | Delamore the Formicid Fighter began the quest for the Orb.
     0 | D:1      | Reached XP level 1. HP: 18/18 MP: 1/1
   289 | D:1      | Reached XP level 2. HP: 24/24 MP: 2/2
  1073 | D:2      | Reached XP level 3. HP: 28/30 MP: 3/3
  1087 | D:2      | Reached skill level 3 in Polearms
  1193 | D:2      | Noticed Terence
  1207 | D:2      | Killed Terence
  1208 | D:2      | Reached XP level 4. HP: 29/37 MP: 4/4
  1859 | D:2      | Reached skill level 4 in Polearms
  2133 | D:3      | Found a stormy altar of Qazlal.
  2136 | D:3      | Found a blossoming altar of Fedhas.
  2251 | D:2      | Reached XP level 5. HP: 12/42 MP: 5/5
  2524 | D:3      | Became a worshipper of Qazlal Stormbringer
  2581 | D:3      | Found an iron altar of Okawaru.
  2960 | D:3      | Identified a scroll of acquirement
  2960 | D:3      | Acquired 683 gold pieces
  2990 | D:3      | Found a faded altar of an unknown god.
  3041 | D:3      | Reached XP level 6. HP: 42/49 MP: 6/6
  3111 | D:4      | Reached skill level 5 in Polearms
  3163 | D:4      | Reached skill level 5 in Fighting
  3324 | D:4      | Reached skill level 6 in Polearms
  3324 | D:4      | Reached XP level 7. HP: 56/56 MP: 7/7
  3337 | D:4      | Found a staircase to the Ecumenical Temple.
  3948 | D:5      | Entered Level 5 of the Dungeon
  4009 | D:5      | Reached * piety under Qazlal
  4010 | D:5      | Reached skill level 7 in Polearms
  4102 | D:5      | Noticed Sigmund
  4109 | D:5      | Killed Sigmund
  4110 | D:5      | Reached skill level 8 in Polearms
  4110 | D:5      | Reached XP level 8. HP: 54/62 MP: 8/8
  4252 | D:5      | Found a broken altar of Ashenzari.
  4333 | D:5      | Found a sand-covered staircase.
  4338 | Ossuary  | Entered an ossuary
  4365 | Ossuary  | Reached ** piety under Qazlal
  4419 | Ossuary  | Reached skill level 9 in Polearms
  4747 | D:5      | Reached skill level 10 in Polearms
  4747 | D:5      | Reached XP level 9. HP: 42/68 MP: 9/9
  5084 | D:5      | Found a sparkling altar of Nemelex Xobeh.
  5418 | D:6      | Found a hide-covered altar of Uskayaw.
  5441 | D:6      | Slain by a steam dragon

Illustrated notes

Levels and vault maps discovered:
D:1:      sevenhm_arrival_forest_fort_large_1, layout_loops_corners,
          ebering_dispersal_statue_hall, minmay_octomino_e4
D:2:      layout_loops_cross, uniq_terence
D:3:      layout_loops_ring, grunt_temple_overflow_forces_of_nature,
          okawaru_trees_1, chequers_ecumenical_altar_lobes
D:4:      layout_basic, minmay_temple_entry_junction_2
D:5:      layout_loops_corners, ashenzari_conservatory_becter,
          amcnicky_altar_gilded, enter_ossuary_2, grunt_ministairs_8,
          minmay_fractal_squares_diagonal_5, uniq_sigmund
D:6:      layout_basic, eat_drink_and_be_merry_uskayaw,
          amethyst_overflow_temple_binary

Skill      XL: |  1  2  3  4  5  6  7  8 |
---------------+-------------------------+-----
Polearms       | 3 4 6 8 10 | 10.5
Fighting       | 4 5 |  5.0
Armour         | |  3.2
Shields        | |  3.6

Action                   |  1- 3 |  4- 6 |  7- 9 || total
-------------------------+-------+-------+-------++-------
Melee: Trident           |    55 |   132 |   293 ||   480
       Unarmed           |     9 |       |       ||     9
 Abil: Dig               |       |     2 |     2 ||     4
  Use: Scroll            |       |     8 |    12 ||    20
       Potion            |       |       |     2 ||     2
 Stab: Distracted        |       |       |     1 ||     1
Armor: Scale mail        |    11 |       |       ||    11
       Chain mail        |     7 |    51 |   114 ||   172
Dodge: Dodged            |    17 |    21 |    72 ||   110
Block: Kite shield       |    16 |    48 |   201 ||   265

Table legend: (Time is in decaauts)
 A = Elapsed time spent in this place.
 B = Non-inter-level travel time spent in this place.
 C = Inter-level travel time spent in this place.
 D = Time resting spent in this place.
 E = Time spent auto-exploring this place.
 F = Levels seen in this place.
 G = Mean time per level.
                   A        B        C        D        E       F      G
               +--------+--------+--------+--------+--------+-----+--------+
         Total |   5515 |   5237 |    278 |    562 |   3531 |   7 |  787.9 |
       Dungeon |   5234 |   4956 |    278 |    562 |   3444 |   6 |  872.3 |
       Ossuary |    281 |    281 |      0 |      0 |     87 |   1 |  281.0 |
               +--------+--------+--------+--------+--------+-----+--------+

Top non-repeatable levels by time:
     D:2: 1309 daAuts
     D:5: 1118 daAuts
     D:1: 1078 daAuts
     D:4: 874 daAuts
     D:3: 748 daAuts
 Ossuary: 281 daAuts
     D:6: 105 daAuts
